 Dungeon Crawl Stone Soup version 0.18-a0-1643-gb89d9db (webtiles) character file.

37 Oddball22 the Insei (level 3, 0/30 HPs)
             Began as a Demonspawn Monk on Mar 28, 2016.
             Slain by Natasha (7 damage)
             ... on level 2 of the Dungeon.
             The game lasted 00:01:46 (966 turns).

Oddball22 the Insei (Demonspawn Monk)                Turns: 966, Time: 00:01:47

Health: 0/30       AC:  2    Str: 11    XL:     3   Next: 23%
Magic:  0/3        EV: 13    Int: 11    God:
Gold:   4          SH:  0    Dex: 16    Spells: 0 memorised, 2 levels left

rFire  . . .     SeeInvis .     k - +0 whip (elec)
rCold  . . .     Gourm    .     a - +0 robe
rNeg   . . .     Faith    .     (no shield)
rPois  .         Spirit   +     (no helmet)
rElec  .         Dismiss  .     (no cloak)
rCorr  .         Reflect  .     (no gloves)
SustAt .         Harm     .     (no boots)
MR     .....                    (no amulet)
Stlth  ++........               (no ring)
                                (no ring)

@: not resistant to hostile enchantments, unstealthy
A: hooves 1, magic shield
a: no special abilities


You were on level 2 of the Dungeon.
You were not hungry.

You visited 1 branch of the dungeon, and saw 2 of its levels.

You collected 4 gold pieces.

Inventory:

Hand Weapons
 k - a +0 whip of electrocution (weapon)
Armour
 a - a +0 robe (worn)
Scrolls
 e - a scroll of remove curse {unknown}
 h - a scroll of fear {unknown}
 i - a scroll of teleportation {unknown}
 j - a scroll of identify {unknown}
 l - a scroll of recharging {unknown}
Potions
 c - 3 potions of resistance {unknown}
 d - a potion of curing {unknown}
 m - a potion of haste {unknown}
Comestibles
 b - a bread ration
 f - 5 chunks of flesh
 g - 2 meat rations


   Skills:
 * Level 3.9 Fighting
 - Level 2.6 Dodging
 - Level 1.7 Stealth
 + Level 4.0 Unarmed Combat
 + Level 0.1 Spellcasting


You had 2 spell levels left.
You didn't know any spells.

Dungeon Overview and Level Annotations

Branches:
Dungeon (2/15)

Altars:

Annotations:
D:2 Natasha


Innate Abilities, Weirdness & Mutations

You have large cloven feet.
When hurt, damage is shared between your health and your magic reserves.


Message History

Natasha closely misses you. The shadow imp gestures at you.
Pain shoots through your body!
You closely miss Natasha.
Natasha is moderately wounded.
Natasha claws you.
You closely miss Natasha.
Natasha is moderately wounded.
Natasha claws you. The shadow imp gestures at you.
Pain shoots through your body! Natasha misses you.
You barely miss Natasha. You kick Natasha, but do no damage.
Natasha is moderately wounded.
The shadow imp hits you.
* * * LOW HITPOINT WARNING * * *
Natasha misses you.
You hit Natasha. You kick Natasha, but do no damage.
Natasha is heavily wounded.
The shadow imp barely misses you. Natasha claws you!
You die...

#.# #.# #.# #####
##.#### #...
#.....######.# #
###..#.........# .#
#.......######.###.#
##......# #.....##
.##...#.# ###@...#
........# #..5h..#
...#.#### #........#
..##.# #.......[#
####'## #........#
##...## #......###
##.....## ####...#
#.......## #.##
........>#


You could see Natasha and a shadow imp.

Vanquished Creatures
  An ooze (D:1)
  A dart slug (D:1)
  A ball python (D:1)
  3 giant cockroaches (D:1)
  6 goblins
  2 hobgoblins
  A quokka (D:2)
  5 bats (D:1)
  4 kobolds (D:1)
  8 rats (D:1)
32 creatures vanquished.

Notes
Turn   | Place    | Note
--------------------------------------------------------------
     0 | D:1      | Oddball22 the Demonspawn Monk began the quest for the Orb.
     0 | D:1      | Reached XP level 1. HP: 18/18 MP: 1/1
   227 | D:1      | Gained mutation: You have large cloven feet. [demonic ancestry]
   227 | D:1      | Reached XP level 2. HP: 20/24 MP: 2/2
   393 | D:1      | Gained mutation: When hurt, damage is shared between your health and your magic reserves. [demonic ancestry]
   393 | D:1      | Reached XP level 3. HP: 26/30 MP: 3/3
   410 | D:1      | Reached skill level 4 in Unarmed Combat
   956 | D:2      | Noticed Natasha
   966 | D:2      | Slain by Natasha

Vault maps used:
D:1:      dpeg_arrival_rhombus, grunt_decor_mini_mirrors
D:2:      minmay_shallow_snake_nest, uniq_natasha, uniq_crazy_yiuf_cottage

Skill      XL: |  1  2  3 |
---------------+----------+-----
Unarmed Combat | 4 |  4.0
Fighting       | |  3.9
Dodging        | |  2.6
Stealth        | |  1.7
Spellcasting   | |  0.1

Action                   || total
-------------------------++-------
Melee: Unarmed           ||    65
       Whip              ||    17
 Stab: Sleeping          ||     2
